 Dungeon Crawl Stone Soup version 0.22-a0-307-g2b15929 (webtiles) character file.

2150 Borgoz the Cleaver (level 9, -10/81 HPs)
             Began as a Minotaur Berserker on Apr 1, 2018.
             Was a High Priest of Trog.
             Engulfed by a cloud of freezing vapour (24 damage)
             ... on level 6 of the Dungeon.
             The game lasted 00:13:22 (7252 turns).

Borgoz the Cleaver (Minotaur Berserker)             Turns: 7252, Time: 00:13:23

Health: -10/81     AC:  9    Str: 22    XL:     9   Next: 10%
Magic:  0/8        EV: 14    Int:  4    God:    Trog [*****.]
Gold:   473        SH:  0    Dex: 13    Spells: 8/8 levels left

rFire    . . .     SeeInvis .   a - +0 hand axe
rCold    . . .     Gourm    .   (no shield)
rNeg     . . .     Faith    .   B - +0 ring mail (curse)
rPois    .         Spirit   +   (helmet restricted)
rElec    .         Reflect  .   (no cloak)
rCorr    .         Harm     .   j - +1 pair of gloves
MR       ++...                  (no boots)
Stlth    ..........             f - amulet of guardian spirit
HPRegen  1.23/turn              (no ring)
MPRegen  0.11/turn              (no ring)

@: confused, regenerating
A: retaliatory headbutt, horns 2
a: Berserk, Trog's Hand, Brothers in Arms, Renounce Religion


You were on level 6 of the Dungeon.
You worshipped Trog.
Trog was extremely pleased with you.
You were not hungry.

You visited 2 branches of the dungeon, and saw 7 of its levels.
You also visited: Sewer.

You collected 473 gold pieces.

Inventory:

Hand Weapons
 a - a +0 hand axe (weapon)
 b - a +4 whip
Armour
 j - a +1 pair of gloves (worn)
 B - a cursed +0 ring mail (worn)
Jewellery
 f - an amulet of guardian spirit (around neck)
Wands
 t - a wand of paralysis (4)
Scrolls
 k - 2 scrolls of noise {unknown}
 l - 2 scrolls of random uselessness {unknown}
 m - a scroll of fear {unknown}
 o - 2 scrolls of remove curse {unknown}
 q - 6 scrolls of teleportation {unknown}
 r - 4 scrolls of enchant armour {unknown}
 w - a scroll of amnesia {unknown}
 x - a scroll of fog
 y - 2 scrolls of identify
 A - a scroll of holy word {unknown}
Potions
 d - 2 potions of mutation {unknown}
 e - 2 potions of flight
 g - a potion of lignification
 h - a potion of haste
 i - 2 potions of brilliance
 s - 2 potions of might {unknown}
 u - 6 potions of curing
 v - 2 potions of invisibility {unknown}
Comestibles
 c - 12 rations
 p - a chunk of flesh


   Skills:
 + Level 8.1 Fighting
 + Level 8.1 Axes
 + Level 7.5 Armour
 + Level 6.8 Dodging


You had 8 spell levels left.
You didn't know any spells.

Dungeon Overview and Level Annotations

Branches:
Dungeon (6/15)             Temple (1/1) D:5

Altars:
Ashenzari
Cheibriados
Dithmenos
Elyvilon
Fedhas
Hepliaklqana
Kikubaaqudgha
Makhleb
Nemelex Xobeh
Okawaru
Qazlal
Ru
Sif Muna
Trog
Uskayaw
Vehumet
Wu Jian
Xom
Yredelemnul
Zin


Innate Abilities, Weirdness & Mutations

You reflexively headbutt those who attack you in melee.
You have a pair of horns on your head.


Message History

Partly explored, can't reach some items.
You see here a hand axe.
There is a stone staircase leading down here.
You open the door.
Really walk into a travel-excluded area?
There is an open door here.
Okay, then.
You are engulfed in freezing vapours.
You are engulfed in freezing vapours.
Okay, then.
Your skin crawls.
You feel resistant to hostile enchantments.
You feel quite a bit more hungry.
You are engulfed in freezing vapours.
You are engulfed in freezing vapours.
You are engulfed in freezing vapours.
* * * LOW HITPOINT WARNING * * *
You are confused.
You feel invigorated.
You are engulfed in freezing vapours.
You die...

####### ####### ##.§§## ###
############§#§##### #..
#..........#§#§#...## #..
#........###§#§#....#########..
#........###§#@####............
#.......(.##§#§####.#########..
#..........#§#§#.##.#### #..
#..........#§#§#.......######..
#........###§#§#...............
##.##.######§#§#...............
#.##...####§#§#..#....<.......
#.####..###§#§#.#.....#.......
#.# ##.###.#.#.#.#...#......#


There were no monsters in sight!

Vanquished Creatures
  A slime creature (D:4)
  Purgy (Sewer)
  A phantom (D:5)
  2 sky beasts
  An ogre (D:4)
  Blork the orc (D:4)
  2 bullfrogs (D:6)
  2 scorpions (D:6)
  2 howler monkeys
  A crimson imp (D:6)
  2 bullfrog zombies
  2 jellies (D:5)
  6 orc priests
  3 hounds
  A bullfrog skeleton (D:5)
  9 orc wizards
  A worker ant (D:4)
  A hound zombie (D:2)
  2 hound skeletons
  A worker ant zombie (D:6)
  5 gnolls (D:4)
  12 adders
  A shadow imp (D:5)
  3 oozes
  An adder zombie (D:6)
  3 worms
  2 dart slugs (D:1)
  2 leopard geckos
  38 orcs
  A giant cockroach (D:4)
  16 goblins
  10 hobgoblins
  15 jackals
  2 quokkas
  4 ball pythons
  4 bats
  7 frilled lizards
  23 kobolds
  A quokka zombie (D:6)
  7 rats
199 creatures vanquished.

Vanquished Creatures (others)
  An ogre (D:5)
  A frilled lizard (D:5)
2 creatures vanquished.

Grand Total: 201 creatures vanquished

Notes
Turn   | Place    | Note
-------+----------+-------------------------------------------
     0 | D:1      | Borgoz the Minotaur Berserker began the quest for the Orb.
     0 | D:1      | Reached XP level 1. HP: 19/19 MP: 0/0
    31 | D:1      | HP: 1/20 [kobold/short sword (2)]
    33 | D:1      | Reached XP level 2. HP: 2/27 MP: 1/1
  1249 | D:1      | Reached XP level 3. HP: 33/33 MP: 2/2
  1368 | D:2      | Reached ** piety under Trog
  1722 | D:2      | Reached XP level 4. HP: 40/41 MP: 3/3
  2070 | D:2      | Found a stormy altar of Qazlal.
  2073 | D:2      | Found a burning altar of Makhleb.
  2389 | D:3      | Reached *** piety under Trog
  2393 | D:3      | Reached XP level 5. HP: 25/47 MP: 2/4
  2778 | D:3      | Reached skill level 5 in Fighting
  2778 | D:3      | Reached skill level 5 in Axes
  3049 | D:3      | Found a shadowy altar of Dithmenos.
  3049 | D:3      | Found an ancient bone altar of Kikubaaqudgha.
  3275 | D:4      | Reached XP level 6. HP: 56/56 MP: 5/5
  3288 | D:4      | Received a gift from Trog
  4048 | D:4      | Reached skill level 5 in Armour
  4048 | D:4      | Reached XP level 7. HP: 37/62 MP: 3/6
  4079 | D:4      | Found a transporter.
  4133 | D:4      | Found a transporter.
  4145 | D:4      | Noticed a slime creature
  4194 | D:4      | Found a blossoming altar of Fedhas.
  4328 | D:4      | Found a glowing silver altar of Zin.
  4355 | D:4      | Noticed Blork the orc
  4366 | D:4      | Killed Blork the orc
  4369 | D:4      | Reached **** piety under Trog
  4640 | D:4      | Reached skill level 5 in Dodging
  4743 | D:4      | Found a sacrificial altar of Ru.
  4969 | D:5      | Entered Level 5 of the Dungeon
  5155 | D:5      | Found a glowing drain.
  5160 | Sewer    | Entered a sewer
  5196 | Sewer    | Noticed Purgy
  5203 | Sewer    | Killed Purgy
  5203 | Sewer    | Reached XP level 8. HP: 71/71 MP: 5/7
  5996 | D:5      | Found a staircase to the Ecumenical Temple.
  6230 | Temple   | Entered the Ecumenical Temple
  6379 | D:4      | Killed a slime creature
  6481 | D:6      | Reached ***** piety under Trog
  6569 | D:6      | Reached XP level 9. HP: 43/81 MP: 4/8
  7103 | D:6      | Found a hazy altar of Hepliaklqana.
  7252 | D:6      | Engulfed by a cloud of freezing vapour

Vault maps used:
D:1:      dpeg_arrival_tiny_b
D:2:      bloody_makhleb, overflow_temple_1_default
D:3:      gammafunk_temple_overflow_wave
D:4:      corexii_shantytown, nicolae_overflow_hidden_temple,
          gammafunk_temple_overflow_arena, zin_academy, hangedman_decor_growths,
          uniq_blork_the_orc
D:5:      minmay_temple_entry_nine_rooms, portal_sewer_entry_e, first_ration,
          lemuel_flamethrower_2
D:6:      lemuel_ice_spiral_2, lemuel_round_altar
Temple:   nicolae_temple_x_marks_the_god
Sewer:    sewer_co_purgy_island

Skill      XL: |  1  2  3  4  5  6  7  8  9 |
---------------+----------------------------+-----
Fighting       | 4 5 6 7 8 |  8.1
Axes           | 4 5 6 8 |  8.1
Armour         | 3 4 5 6 7 |  7.5
Dodging        | 3 4 5 6 |  6.8

Action                   |  1- 3 |  4- 6 |  7- 9 || total
-------------------------+-------+-------+-------++-------
Melee: Hand axe          |    85 |   159 |   230 ||   474
       Headbutt          |    14 |    27 |    52 ||    93
Invok: Berserk           |     1 |     2 |     4 ||     7
       Trog's Hand       |       |       |     1 ||     1
  Use: Potion            |     1 |       |     2 ||     3
       Scroll            |       |     3 |     3 ||     6
 Stab: Sleeping          |       |       |     1 ||     1
  Eat: Chunk             |     3 |    10 |    11 ||    24
       Ration            |       |       |     1 ||     1
Armor: Animal skin       |    17 |    32 |    31 ||    80
       Ring mail         |       |       |     4 ||     4
Dodge: Dodged            |    66 |   122 |   143 ||   331

Table legend:
 A = Spawn XP
 B = Non-spawn XP
 C = Spawn XP percentage of total XP
 D = Spawn monster count
 E = Non-spawn monster count
 F = Spawn count percentage of total count
 G = Total turns spent on level
                    A         B        C        D         E        F      G
               +---------+---------+-------+---------+---------+-------+---------
         Total |       0 |    3072 |   0.0 |       0 |     199 |   0.0 |  7252
               +---------+---------+-------+---------+---------+-------+---------
           D:1 |       0 |      41 |   0.0 |       0 |      25 |   0.0 |  1339
           D:2 |       0 |     125 |   0.0 |       0 |      35 |   0.0 |   874
           D:3 |       0 |     172 |   0.0 |       0 |      20 |   0.0 |  1032
           D:4 |       0 |    1001 |   0.0 |       0 |      55 |   0.0 |  1837
           D:5 |       0 |     682 |   0.0 |       0 |      29 |   0.0 |  1086
           D:6 |       0 |     909 |   0.0 |       0 |      28 |   0.0 |   783
         Sewer |       0 |     142 |   0.0 |       0 |       7 |   0.0 |   242
               +---------+---------+-------+---------+---------+-------+---------
